 Dungeon Crawl Stone Soup version 0.22.1-1-ga44c0e5 (webtiles) character file.

79 dohliylev the Sneak (level 4, -6/30 HPs)
             Began as a Vampire Enchanter on Sept 21, 2018.
             Killed by divine providence
             ... invoked by an orc priest
              (14 damage)
             ... on level 3 of the Dungeon.
             The game lasted 00:11:14 (2538 turns).

dohliylev the Sneak (Vampire Enchanter)             Turns: 2538, Time: 00:11:15

Health: -6/30      AC:  2    Str:  7    XL:     4   Next: 16%
Magic:  7/7        EV: 12    Int: 18    God:
Gold:   193        SH:  3    Dex: 14    Spells: 4/7 levels left

rFire    . . .     SeeInvis +   a - +2 dagger (venom)
rCold    . . .     Gourm    .   g - +0 buckler
rNeg     . . .     Faith    .   b - +0 robe
rPois    .         Spirit   .   (no helmet)
rElec    .         Reflect  .   (no cloak)
rCorr    .         Harm     .   (no gloves)
MR       .....                  (no boots)
Stlth    ++++......             (no amulet)
HPRegen  0.30/turn              (no ring)
MPRegen  0.10/turn              (no ring)

@: regenerating quickly
A: fangs 3, see invisible, unbreathing
a: no special abilities


You were on level 3 of the Dungeon.
You were very full.

You visited 1 branch of the dungeon, and saw 3 of its levels.

You collected 193 gold pieces.

Inventory:

Hand Weapons
 a - a +2 dagger of venom (weapon)
Armour
 b - a +0 robe (worn)
 g - a +0 buckler (worn)
 m - a +0 helmet
Scrolls
 d - 3 scrolls of teleportation {unknown}
 e - 2 scrolls of identify {unknown}
 h - a scroll of enchant armour {unknown}
 j - a scroll of random uselessness {unknown}
 k - a scroll of fear {unknown}
 l - a scroll of remove curse {unknown}
 p - a scroll of noise {unknown}
Potions
 c - 2 potions of flight {unknown}
 f - 2 potions of curing {unknown}
 i - 2 potions of heal wounds {unknown}
 n - a potion of degeneration {unknown}
 o - 2 potions of blood


   Skills:
 + Level 1.8 Short Blades
 - Level 2.2 Dodging
 + Level 7.3 Stealth
 + Level 0.1 Shields
 - Level 2.0 Spellcasting
 - Level 4.4 Hexes


You had 4 spell levels left.
You knew the following spells:

 Your Spells              Type           Power        Failure   Level  Hunger
a - Corona                Hex            ###....      4%          1    #......
b - Ensorcelled Hibernat  Hex/Ice        #.....       19%         2    ###....

Your spell library contained the following spells:

 Spells                   Type           Power        Failure   Level  Hunger
 Confuse                  Hex            ###.....     14%         3    ###....
 Tukima's Dance           Hex            ###.....     14%         3    ###....
 Dazzling Spray           Conj/Hex       #.....       34%         3    ###....


Dungeon Overview and Level Annotations

Branches:
Dungeon (3/15)

Altars:
Ru


Innate Abilities, Weirdness & Mutations

Your natural rate of healing is unusually fast.
You have razor-sharp teeth.
You have supernaturally acute eyesight. (SInv)
You can survive without breathing.


Message History

You now have 193 gold pieces (gained 13). 2 orcs and an orc priest come into view.
The orc priest mumbles some strange prayers to Beogh against you.
Beogh smites you!
The orc shouts! x2; You hear a shout!
You hit the orc priest.
The orc priest is poisoned.
The orc priest is lightly wounded.
The orc priest hits you with a dagger.
You hit the orc priest but do no damage.
The orc priest is moderately wounded.
The orc priest hits you with a dagger.
* * * LOW HITPOINT WARNING * * *
An orc comes into view. It is wielding a dagger.
You hit the orc priest.
The orc priest is moderately wounded.
The orc priest hits you with a dagger.
* * * LOW HITPOINT WARNING * * *
The orc priest invokes the aid of Beogh against you.
Beogh smites you!
You die...

##########.# #.#
#..........# #.#
#.########## #.#
#.# #......# #.#
#.# #.####.# #.#
#.# #.#....# #.#
#.# #.######.#.#
#.###.#..oooo#.#
#.....#@######.#
#######.# #.#
#.######.#
#........#
##########


You could see an orc priest and 3 orcs.

Vanquished Creatures
  Robin (D:2)
  An adder (D:3)
  A dart slug (D:2)
  2 leopard geckos
  3 orcs (D:3)
  13 goblins
  6 hobgoblins
  3 jackals (D:1)
  3 ball pythons
  3 bats
  4 frilled lizards
  5 kobolds
  4 rats
49 creatures vanquished.

Notes
Turn   | Place    | Note
-------+----------+-------------------------------------------
     0 | D:1      | dohliylev the Vampire Enchanter began the quest for the
                  | Orb.
     0 | D:1      | Reached XP level 1. HP: 13/13 MP: 3/3
    96 | D:1      | Reached skill level 5 in Stealth
   374 | D:1      | Reached XP level 2. HP: 19/19 MP: 5/5
   379 | D:1      | Learned a level 2 spell: Ensorcelled Hibernation
   814 | D:1      | Reached skill level 6 in Stealth
   988 | D:2      | You fall through a shaft!
  1078 | D:3      | Reached XP level 3. HP: 24/24 MP: 6/6
  1585 | D:2      | Noticed Robin
  1591 | D:2      | Killed Robin
  1591 | D:2      | Reached skill level 7 in Stealth
  1630 | D:2      | Reached XP level 4. HP: 13/30 MP: 4/7
  2124 | D:2      | Found a sacrificial altar of Ru.
  2538 | D:3      | Killed from afar by an orc priest

Skill      XL: |  1  2  3 |
---------------+----------+-----
Stealth        | 5 6 7 |  7.3
Short Blades   | |  1.8
Dodging        | |  2.2
Shields        | |  0.1
Spellcasting   | |  2.0
Hexes          | |  4.4

Action                   |  1- 3 |  4- 6 || total
-------------------------+-------+-------++-------
Melee: Dagger            |   103 |    22 ||   125
       Bite              |     8 |     1 ||     9
 Cast: Ensorcelled Hiber |     4 |       ||     4
  Use: Potion            |     1 |       ||     1
 Stab: Sleeping          |    16 |     4 ||    20
  Eat: Corpse            |    10 |     6 ||    16
Armor: Robe              |     9 |     1 ||    10
Dodge: Dodged            |    50 |     8 ||    58
Block: Buckler           |    12 |     5 ||    17
